Map: 2000 Atmospheres LE

Players

黑羽快斗 (ButAlways)

  • Race: Protoss Protoss
  • League: Master

GogojOey - Winner!

  • Race: Zerg Zerg

Event: DreamHack SC2 Masters 2021 Summer

VOD

Have the link to the VOD?

Description

Time

  • Played on: May 20, 2021, 8:47 a.m.
  • Length: 13:14

All games in this series

Show
View Real Time Build Order
Export as new Build Order

黑羽快斗 Protoss 

Build Orders: 1 Gate Expand, Carrier Rush 

Get SALT Encoding   

  12  0:00  Probe  
  13  0:12  Probe  
  14  0:19  Pylon  
  14  0:24  Probe  
  15  0:37  Probe (Chrono Boost)  
  15  0:40  Gateway  
  16  0:46  Probe (Chrono Boost)  
  16  0:49  Assimilator  
  17  0:51  Probe (Chrono Boost)  
  18  1:03  Probe  
  19  1:23  Nexus  
  19  1:32  Cybernetics Core  
  19  1:34  Probe  
  20  1:43  Assimilator  
  20  1:46  Probe  
  21  1:52  Pylon  
  21  1:58  Probe  
  22  2:06  Probe  
  22  2:07  Adept (Chrono Boost)  
  22  2:14  Probe  
  26  2:23  Stargate  
  26  2:25  Probe (Chrono Boost)  
  27  2:30  Adept  
  27  2:35  Probe (Chrono Boost)  
  31  2:39  Warp Gate  
  31  2:43  Probe (Chrono Boost)  
  32  2:44  Probe (Chrono Boost)  
  32  2:49  Probe x2 (Chrono Boost)  
  33  2:57  Void Ray (Chrono Boost)  
  34  3:03  Probe x2  
  38  3:15  Probe x2  
  38  3:19  Pylon  
  40  3:21  Gateway  
  40  3:23  Adept  
  42  3:27  Probe x2  
  44  3:39  Probe  
  45  3:46  Probe  
  46  3:51  Probe  
  46  3:53  Fleet Beacon  
  47  3:55  Assimilator  
  47  3:57  Assimilator  
  47  4:05  Nexus  
  47  4:07  Pylon  
  47  4:08  Probe  
  49  4:10  Probe  
  49  4:14  Pylon  
  49  4:20  Probe  
  49  4:22  Probe  
  51  4:30  Stargate  
  51  4:32  Probe  
  51  4:35  Probe  
  53  4:41  Carrier (Chrono Boost)  
  53  4:44  Probe  
  60  4:48  Probe  
  60  4:49  Zealot x2  
  65  4:54  Pylon  
  65  4:56  Probe  
  66  5:00  Probe  
  67  5:08  Probe  
  67  5:12  Carrier (Chrono Boost)  
  67  5:13  Probe  
  75  5:19  Probe  
  75  5:20  Probe  
  77  5:26  Probe  
  78  5:28  Carrier (Chrono Boost)  
  78  5:31  Probe  
  78  5:32  Probe  
  86  5:37  Pylon  
  86  5:38  Probe  
  86  5:39  Assimilator  
  86  5:41  Assimilator  
  87  5:46  Pylon  
  87  5:47  Zealot  
  87  5:49  Probe  
  90  5:50  Probe  
  90  5:56  Pylon  
  91  5:58  Protoss Air Weapons Level 1  
  97  6:04  Carrier (Chrono Boost)  
  97  6:18  Stargate  
  97  6:20  Pylon, Forge  
  97  6:23  Probe  
  97  6:24  Probe  
  99  6:29  Probe  
  100  6:35  Void Ray (Chrono Boost)  
  100  6:36  Probe x2  
  102  6:43  Probe  
  102  6:46  Pylon  
  101  6:47  Pylon  
  101  6:49  Probe, Flux Vanes  
  102  6:58  Zealot  
  102  6:59  Void Ray (Chrono Boost), Zealot  
  105  7:05  Void Ray (Chrono Boost)  
  111  7:14  Phoenix (Chrono Boost)  
  115  7:26  Zealot  
  115  7:27  Shield Battery, Void Ray (Chrono Boost)  
  115  7:28  Sentry  
  119  7:31  Void Ray (Chrono Boost)  
  119  7:33  Void Ray (Chrono Boost)  
  129  7:45  Shield Battery  
  129  7:46  Photon Cannon  
  129  7:48  Nexus  
  129  7:50  Shield Battery  
  127  7:52  Shield Battery  
  127  7:53  Shield Battery  
  127  7:55  Shield Battery, Zealot x2, Void Ray (Chrono Boost)  
  127  7:56  Shield Battery  
  130  7:59  Shield Battery  
  134  8:09  Void Ray  
  134  8:10  Void Ray  
  136  8:25  Zealot x2, Stargate  
  140  8:27  Pylon  
  140  8:31  Pylon  
  140  8:32  Void Ray  
  136  8:39  Nexus  
  140  8:47  Void Ray x2  
  140  8:48  Zealot  
  149  8:59  Shield Battery  
  149  9:01  Shield Battery  
  149  9:02  Void Ray  
  149  9:05  Shield Battery  
  149  9:09  Void Ray  
  149  9:15  Nexus  
  149  9:16  Shield Battery  
  153  9:18  Photon Cannon  
  151  9:24  Void Ray (Chrono Boost)  
  151  9:28  Photon Cannon, Zealot  
  157  9:37  Sentry  
  157  9:43  Void Ray (Chrono Boost)  
  151  9:50  Void Ray x2 (Chrono Boost)  
  155  9:58  Void Ray (Chrono Boost)  
  150  10:06  Shield Battery  
  150  10:09  Photon Cannon, Shield Battery  
  150  10:10  Stargate  
  154  10:20  Zealot  
  154  10:21  Assimilator  
  156  10:26  Void Ray x2 (Chrono Boost)  
  156  10:27  Assimilator  
  148  10:31  Zealot  
  158  10:39  Probe x2, Void Ray (Chrono Boost)  
  158  10:40  Probe  
  158  10:42  Probe  
  164  10:51  Void Ray (Chrono Boost)  
  160  10:58  Void Ray (Chrono Boost)  
  160  11:10  Void Ray (Chrono Boost)  
  156  11:11  Void Ray (Chrono Boost)  
  156  11:12  Photon Cannon, Shield Battery  
  156  11:13  Void Ray (Chrono Boost)  
  160  11:21  Zealot x2  
  156  11:34  Void Ray x2 (Chrono Boost)  
  156  11:37  Void Ray (Chrono Boost)  
  156  11:38  Probe  
  145  11:44  Void Ray  
  141  11:49  Void Ray  
  123  12:03  Stalker x2  
  123  12:06  Void Ray  
  119  12:15  Void Ray  
  117  12:17  Probe x4  
  113  12:28  Void Ray  
  109  12:31  Stalker x2  
  109  12:32  Probe x2  
  109  12:36  Probe  
  120  12:55  Zealot x2  
Show
View Real Time Build Order
Export as new Build Order

GogojOey Zerg - Winner!

Build Orders: Hatch First 

Get SALT Encoding   

  12  0:00  Drone  
  13  0:12  Overlord  
  13  0:16  Drone  
  14  0:31  Drone x2  
  16  0:36  Drone  
  17  0:52  Hatchery  
  17  0:54  Drone  
  17  0:57  Drone  
  18  1:08  Extractor  
  17  1:12  Spawning Pool  
  17  1:15  Drone  
  17  1:17  Drone  
  18  1:28  Drone  
  19  1:39  Drone  
  20  1:50  Drone  
  21  2:00  Zergling x2  
  22  2:03  Queen  
  22  2:07  Queen  
  22  2:08  Metabolic Boost, Zergling x2  
  27  2:12  Overlord  
  27  2:15  Drone  
  28  2:31  Drone x2  
  28  2:36  Hatchery  
  29  2:38  Drone x2  
  31  2:45  Queen  
  31  2:49  Overlord  
  33  2:57  Extractor  
  32  3:03  Drone  
  32  3:04  Drone x2  
  36  3:09  Drone x2  
  38  3:16  Drone x4  
  38  3:17  Drone x2  
  44  3:23  Overlord  
  44  3:25  Overlord  
  44  3:39  Spore Crawler  
  44  3:41  Drone  
  44  3:43  Drone x2, Queen  
  44  3:45  Drone  
  49  3:53  Queen  
  49  3:55  Drone x3  
  53  3:56  Drone x2  
  53  4:00  Overlord  
  53  4:01  Drone x2  
  57  4:03  Drone  
  57  4:06  Spore Crawler  
  57  4:08  Overlord  
  57  4:12  Drone  
  58  4:20  Overlord  
  58  4:21  Drone  
  58  4:22  Drone x4  
  63  4:25  Drone x4, Spore Crawler  
  66  4:32  Drone x2  
  66  4:37  Drone  
  69  4:39  Drone, Lair  
  69  4:42  Extractor x2  
  69  4:44  Extractor  
  69  4:45  Extractor  
  66  4:49  Overlord  
  66  4:50  Drone x2  
  66  4:52  Drone x2  
  69  4:53  Drone x2  
  69  4:55  Extractor  
  69  4:59  Drone  
  71  5:03  Drone x2  
  72  5:12  Zergling x8  
  72  5:13  Queen  
  78  5:16  Hatchery, Drone  
  78  5:17  Drone x2  
  78  5:21  Drone x2  
  82  5:28  Overlord  
  82  5:29  Overlord x2  
  82  5:36  Evolution Chamber  
  82  5:37  Roach Warren  
  82  5:38  Drone x2  
  82  5:43  Drone, Spire  
  82  5:45  Overlord x2  
  82  5:46  Queen x2  
  86  5:51  Queen  
  87  6:14  Zergling x2  
  87  6:15  Zergling x10  
  93  6:22  Queen x2  
  92  6:36  Drone x9, Queen  
  92  6:39  Queen  
  103  6:43  Overlord x3  
  103  6:44  Glial Reconstitution  
  103  6:45  Zerg Missile Weapons Level 1  
  105  6:54  Overlord  
  105  6:56  Corruptor x8  
  105  6:57  Extractor  
  105  6:59  Extractor, Zerg Flyer Weapons Level 1  
  118  7:02  Corruptor  
  118  7:04  Corruptor  
  118  7:06  Drone x2  
  123  7:14  Drone x3  
  123  7:15  Drone x3  
  129  7:16  Queen  
  129  7:18  Corruptor  
  129  7:21  Corruptor  
  135  7:25  Corruptor  
  137  7:30  Corruptor x2  
  137  7:34  Corruptor  
  141  7:38  Corruptor  
  141  7:40  Drone x4  
  141  7:42  Drone  
  148  7:44  Corruptor  
  148  7:48  Corruptor  
  148  7:49  Corruptor  
  153  7:53  Corruptor  
  153  7:56  Corruptor  
  156  8:00  Queen  
  156  8:18  Corruptor x2  
  159  8:21  Overlord x2  
  159  8:22  Drone  
  160  8:30  Overlord  
  160  8:37  Hatchery, Corruptor  
  159  8:44  Corruptor x7  
  171  8:50  Corruptor x2  
  171  8:51  Zergling x2  
  171  8:52  Zergling x12  
  181  8:57  Queen  
  183  9:04  Overlord x3  
  183  9:07  Queen  
  181  9:12  Corruptor  
  181  9:13  Overlord  
  183  9:22  Zerg Flyer Weapons Level 2  
  182  9:25  Corruptor x4  
  182  9:28  Zergling x20  
  200  9:37  Zergling x2  
  199  9:39  Zerg Missile Weapons Level 2  
  199  9:43  Evolution Chamber  
  177  9:53  Corruptor x5  
  177  9:59  Corruptor  
  174  10:01  Drone  
  174  10:02  Queen x2  
  174  10:03  Queen  
  180  10:09  Queen  
  180  10:11  Queen  
  180  10:13  Corruptor x3  
  186  10:17  Drone x2  
  192  10:27  Corruptor x3  
  188  10:40  Corruptor x2  
  192  10:44  Spine Crawler  
  192  10:48  Corruptor x2  
  190  10:54  Corruptor x2  
  190  10:55  Drone  
  189  11:00  Zergling x8  
  189  11:01  Zergling x12  
  193  11:14  Corruptor x4  
  193  11:18  Zergling x18  
  199  11:21  Extractor, Queen  
  199  11:39  Corruptor x5  
  179  11:54  Corruptor x3  
  171  12:00  Corruptor  
  163  12:03  Queen x3, Zergling x32  
  183  12:14  Corruptor  
  183  12:15  Corruptor x2  
  175  12:23  Corruptor x2  
  175  12:25  Zergling x16  
  183  12:31  Corruptor x2  
  183  12:33  Zergling x2  
  186  12:41  Zergling x6  
  186  12:43  Zergling x4  
  190  12:56  Zergling x6  
Tags
 
Add a new tag
Caveats
  • Supply blocks, unpowered buildings, or Contaminate may cause inaccurate times.
  • Supply counts are checked every 10 seconds.